 Dungeon Crawl Stone Soup version 0.28.0-56-g4927b6849a (webtiles) character file.

Game seed: 14089865786529377385

192659 AarnesTheHuman the Slayer (level 18, -20/199 HPs)
             Began as a Hill Orc Fighter on Feb 3, 2023.
             Was the Champion of Beogh.
             Killed from afar by an ironbound thunderhulk (39 damage)
             ... with a bolt of lightning
             ... on level 2 of the Vaults.
             The game lasted 01:26:42 (43158 turns).

AarnesTheHuman the Slayer (Hill Orc Fighter)       Turns: 43158, Time: 01:26:42

Health: -20/199    AC: 38    Str: 25    XL:     18   Next: 24%
Magic:  32/32      EV:  8    Int:  8    God:    Beogh [******]
Gold:   2422       SH: 18    Dex: 15    Spells: 17/17 levels left

rFire   + . .      SeeInvis +   a - +0 broad axe (drain)
rCold   + . .      Faith    .   c - +0 tower shield {AC+3}
rNeg    . . .      Spirit   .   R - +4 plate armour "Jiankeso" {rPois}
rPois   +          Reflect  .   j - +2 helmet {SInv}
rElec   .          Harm     .   O - +2 cloak
rCorr   .          Rampage  .   T - +2 pair of gloves {Dex+3}
Will    +....                   q - +2 pair of boots
Stlth   ..........              N - amulet of Vitality {Regen+ HP+15}
HPRegen 1.23/turn               C - ring of protection from cold
MPRegen 0.23/turn               B - ring of protection from fire

@: frozen, studying 2 skills, very slow
A: walk on water
}: 1/15 runes: serpentine
a: Renounce Religion, Smiting, Recall Orcish Followers, Give Item to Named
Follower, Resurrection


You were on level 2 of the Vaults.
You worshipped Beogh.
Beogh was exalted by your worship.
You visited 5 branches of the dungeon, and saw 29 of its levels.
You visited 1 bazaar.

You collected 3326 gold pieces.
You spent 904 gold pieces at shops.

Inventory:

Hand Weapons
 a - a +0 broad axe of draining (weapon)
 o - the +5 falchion "Qacoyg" {vorpal, Fragile rPois Will+}
   (You found it on level 6 of the Lair of Beasts)

   It inflicts extra damage upon your enemies.
   rPois:     It protects you from poison.
   Fragile:   It will be destroyed if unequipped.
   Will:      It increases your willpower.
Missiles
 f - 42 poisoned darts (quivered)
 p - 16 boomerangs
 F - 5 throwing nets
Armour
 c - a +0 tower shield of protection (worn)
 j - a +2 helmet of see invisible (worn)
 q - a +2 pair of boots (worn)
 A - a +1 kite shield
 O - a +2 cloak (worn)
 R - the +4 plate armour "Jiankeso" (worn) {rPois}
   (You found it on level 3 of the Lair of Beasts)

   rPois:     It protects you from poison.
 T - a +2 pair of gloves of dexterity (worn)
Jewellery
 B - a ring of protection from fire (right hand)
 C - a ring of protection from cold (left hand)
 E - a ring of positive energy
 G - a +4 ring of evasion
 N - the amulet of Vitality (around neck) {Regen+ HP+15}
   (You found it on level 11 of the Dungeon)

   [amulet of regeneration]

   HP:        It affects your health (+15).
   Regen:     It increases your rate of health regeneration.
Wands
 k - a wand of digging (9)
 u - a wand of mindburst (6)
 y - a wand of acid (12)
 z - a wand of iceblast (42)
 I - a wand of flame (71)
 Y - a wand of paralysis (23)
Scrolls
 e - 2 scrolls of blinking
 i - 5 scrolls of magic mapping
 l - 3 scrolls of enchant weapon
 t - 6 scrolls of teleportation
 w - a scroll of holy word
 J - 5 scrolls of fear
 L - a scroll of summoning
 M - 2 scrolls of brand weapon
 Q - 2 scrolls of fog
 W - 2 scrolls of silence
Potions
 b - 6 potions of curing
 d - 2 potions of might
 g - a potion of haste
 h - 2 potions of resistance
 m - 5 potions of flight
 n - 7 potions of mutation
 r - 5 potions of brilliance
 s - 5 potions of heal wounds
 x - 2 potions of invisibility
 D - 3 potions of lignification
 K - a potion of berserk rage
 U - 3 potions of cancellation
 V - a potion of magic
Miscellaneous
 v - a condenser vane
 X - a tin of tremorstones (2/2)
 Z - a phantom mirror


   Skills:
 - Level 22.0 Fighting
 - Level 18.0 Axes
 + Level 15.6 Armour
 - Level 7.0 Dodging
 - Level 13.0 Shields
 - Level 21.0 Invocations
 - Level 0.8 Evocations


You had 17 spell levels left.
You didn't know any spells.
Your spell library contained the following spells:

 Spells                   Type           Power      Damage    Failure   Level
 Magic Dart               Conj           0%         1d3       100%        1
 Pain                     Necr           0%         1d4       100%        1
 Call Imp                 Summ           0%         N/A       100%        2
 Corpse Rot               Necr/Air       0%         N/A       100%        2
 Ensorcelled Hibernation  Hex/Ice        0%         N/A       100%        2
 Passwall                 Tmut/Erth      0%         N/A       100%        2
 Poisonous Vapours        Pois/Air       0%         N/A       100%        2
 Scorch                   Fire           0%         2d5       100%        2
 Static Discharge         Conj/Air       0%         N/A       100%        2
 Call Canine Familiar     Summ           0%         N/A       100%        3
 Conjure Flame            Conj/Fire      0%         6-21      100%        3
 Dazzling Flash           Conj/Hex       0%         N/A       100%        3
 Gell's Gravitas          Tloc           0%         N/A       100%        3
 Ignite Poison            Fire/Tmut/Pois 0%         N/A       100%        3
 Mephitic Cloud           Conj/Pois/Air  0%         N/A       100%        3
 Ozocubu's Armour         Ice            0%         N/A       100%        3
 Portal Projectile        Hex/Tloc       0%         N/A       100%        3
 Stone Arrow              Conj/Erth      0%         3d7       100%        3
 Swiftness                Air            0%         N/A       100%        3
 Teleport Other           Tloc           0%         N/A       100%        3
 Tukima's Dance           Hex            0%         N/A       100%        3
 Animate Armour           Summ/Erth      0%         N/A       100%        4
 Flame Wave               Conj/Fire      0%         2d4       100%        4
 Iskenderun's Mystic Bla  Conj/Tloc      0%         2d3       100%        4
 Leda's Liquefaction      Hex/Erth       0%         N/A       100%        4
 Passage of Golubria      Tloc           0%         N/A       100%        4
 Petrify                  Tmut/Erth      0%         N/A       100%        4
 Sticky Flame             Conj/Fire      0%         2d3       100%        4
 Agony                    Necr           0%         N/A       100%        5
 Blade Hands              Tmut           0%         N/A       100%        5
 Excruciating Wounds      Necr           0%         N/A       100%        5
 Fireball                 Conj/Fire      0%         3d3       100%        5
 Freezing Cloud           Conj/Ice/Air   0%         6-21      100%        5
 Iskenderun's Battlesphe  Conj           0%         2d6       100%        5
 Metabolic Englaciation   Hex/Ice        0%         N/A       100%        5
 Yara's Violent Unravell  Hex/Tmut       0%         3d3       100%        5
 Conjure Ball Lightning   Conj/Air       0%         3x3d6     100%        6
 Dispersal                Tloc           0%         N/A       100%        6
 Simulacrum               Ice/Necr       0%         N/A       100%        6
 Starburst                Conj/Fire      0%         6d3       100%        6
 Statue Form              Tmut/Erth      0%         N/A       100%        6
 Summon Cactus Giant      Summ           0%         N/A       100%        6
 Orb of Destruction       Conj           0%         9d5       100%        7
 Lehudib's Crystal Spear  Conj/Erth      0%         10d2      100%        8
 Chain Lightning          Conj/Air       0%         N/A       100%        9
 Polar Vortex             Ice            0%         N/A       100%        9


Dungeon Overview and Level Annotations

Branches:
Dungeon (15/15)            Temple (0/1) D:4            Lair (6/6) D:10
 Shoals (0/4) Lair:4        Snake (4/4) Lair:4        Slime (0/5) Lair:5
    Orc (2/2) D:11            Elf (0/3) Orc:2        Vaults (2/5) D:14
 Depths (0/4) D:15
  Crypt: Vaults:2-3

Altars:
Kikubaaqudgha
Nemelex Xobeh
Ru
Sif Muna
Trog
Uskayaw
Xom
Yredelemnul
Zin
Beogh

Shops:
D:4 [   D:7 [   Orc:2 *(([   Snake:1 *   Snake:3 [   Vaults:1 [   Vaults:2 (

Annotations:
D:5 3 runed translucent doors, exclusions: 3 doors and 2 downstairs, Sensen's ghost, novice DEWz
D:7 2 transporters, kalagan's ghost, novice DECj
D:9 1 runed translucent door, exclusion: downstairs, hitsuchi's ghost, novice TeBe
D:11 exclusion: downstairs
D:14 Roxanne
Lair:3 1 runed translucent door, exclusion: door, Kanaesup's ghost, journeyman TeMo
Lair:6 2 exclusions


Message History

Bogdan goes into a battle-frenzy!
The slime creature hits you but does no damage.
You slice the yaktaur captain!!
You kill the yaktaur captain!
Beogh accepts your kill.
You slice the slime creature!!
You kill the slime creature!
Beogh accepts your kill. The ice encasing you melts away.
Training target 21.0 for Invocations reached!
Your Invocations skill increases to level 21!
You hit the vault warden but do no damage.
You drain the vault warden.
The vault warden is lightly wounded.
Electricity crackles from the ironbound thunderhulk's apparatus.
The bolt of lightning hits you!!!
* * * LOW HITPOINT WARNING * * *
You closely miss the vault warden.
The vault warden is lightly wounded.
You hit the ironbound convoker. You drain the ironbound convoker.
Wargath no longer looks unusually strong.
The vault warden hits you but does no damage.
You block the ironbound convoker's attack.
Bogdan roars a battlecry!
Wargath goes into a battle-frenzy!
You hit the vault warden. You drain the vault warden.
The vault warden is lightly wounded.
You closely miss the ironbound convoker.
The ironbound frostheart calls freezing cold from the walls.
The frost grips you!! You partially resist.
* * * LOW HITPOINT WARNING * * *
You are encased in ice.
The frost grips Wargath!!
The frost grips Bogdan!
The frost grips Worak!!
You block the vault warden's attack.
The ironbound convoker hits you but does no damage.
You swap places.
The vault warden hits Wargath with a +0 great sword.
Electricity crackles from the ironbound thunderhulk's apparatus.
The bolt of lightning hits you!!!
You die...

#..........+.#
#..........#.###
#..........#...#
#..........+...
#..........#.#
#..........+.###
#..........#...#
###'##########oo.#
#..o# #@### #...#
#o# ##...## #pc.#
#.....# #p..#
##.....## #p###
#.......# #.#
#).#'#..## #O.
.).#.#...# #..
####.##### #.#


You could see a vault warden (drained), an ironbound thunderhulk (strong), a
yaktaur captain, an ironbound frostheart (ally target), an ironbound convoker
(catching breath, drained), the friendly Bogdan the orc warlord (strong), the
friendly Wargath the orc warlord (strong) and the friendly Worak the orc warlord
(strong).

Vanquished Creatures
  Jorgrun (D:14)
  2 nagarajas (Snake:4)
  An orc warlord (Orc:2)
  2 vault wardens
  4 ironbound preservers
  Nessos (D:12)
  A dire elephant (Vaults:1)
  Snorg (D:11)
  7 yaktaur captains
  A salamander tyrant (Snake:3)
  A vault guard (Vaults:1)
  4 naga warriors
  Erica (D:10)
  2 centaur warriors
  3 anacondas
  A two-headed ogre (D:10)
  A death yak (Lair:6)
  7 naga sharpshooters
  A shock serpent (Snake:2)
  2 naga ritualists
  Pikel (D:6)
  7 deep trolls
  An ironbound convoker (Vaults:1)
  A necromancer (Vaults:1)
  3 wizards
  3 deep elf pyromancers
  A frost giant zombie (D:15)
  6 ugly things
  6 mana vipers
  2 cyclopes
  A manticore (D:15)
  7 elephants
  4 naga magi
  A salamander (Snake:1)
  A guardian serpent (Snake:4)
  18 black mambas
  A gargoyle (D:8)
  2 cane toads
  6 vault sentinels
  4 komodo dragons
  An unseen horror (D:12)
  16 yaktaurs
  6 trolls
  3 hornets (Lair:6)
  9 polar bears
  16 slime creatures
  4 dream sheep
  A spriggan zombie (D:15)
  11 blink frogs
  3 wraiths
  4 shadows
  8 spriggans (Lair:6)
  A wyvern (Lair:4)
  3 basilisks
  19 yaks
  A vampire (D:14)
  3 fire elementals (Snake:2)
  A hog (D:14)
  Grum (D:8)
  Menkaure (D:6)
  Edmund (D:4)
  7 nagas
  3 wargs
  2 acid dragons (D:11)
  25 water moccasins
  2 ice beasts
  A hornet zombie (D:7)
  Duvessa (D:6)
  13 orc warriors
  A black bear (Lair:6)
  8 boggarts
  8 centaurs
  6 ogres
  32 wolves
  3 kobold brigands
  5 bullfrogs
  3 gnoll sergeants
  2 scorpions
  A wyvern skeleton (D:7)
  2 water moccasin skeletons
  Dowan (D:6)
  18 wights
  A howler monkey (D:7)
  2 electric eels
  5 centaur zombies
  A lava snake (Lair:1)
  2 bullfrog zombies
  2 jellies
  A hound (D:4)
  A gnoll shaman (D:3)
  6 orc priests
  10 orc wizards
  6 iguanas
  2 scorpion zombies (D:5)
  A killer bee zombie (D:9)
  26 gnolls
  22 adders
  A shadow imp (D:6)
  A white imp (D:3)
  An ufetubus (D:7)
  3 dart slugs
  23 orcs
  11 ball pythons
  4 bats
  5 endoplasms
  8 giant cockroaches
  10 goblins
  11 hobgoblins
  4 jackals (D:2)
  6 quokkas
  2 frilled lizards
  15 kobolds
  4 rats
574 creatures vanquished.

Vanquished Creatures (collateral kills)
  Rupert (D:14)
  Kirke (D:14)
  4 nagarajas
  3 vault wardens (Vaults:1)
  Aizul (Snake:3)
  A war gargoyle (Vaults:2)
  5 ironbound preservers
  3 ironbound thunderhulks
  A deep elf demonologist (Vaults:1)
  Azrael (Snake:2)
  5 dire elephants
  Josephine (D:15)
  A vault guard (Vaults:1)
  3 boulder beetles
  A rakshasa (D:15)
  3 yaktaur captains
  Harold (Orc:1)
  11 naga warriors
  12 anacondas
  4 hydras
  2 ironbound frosthearts (Vaults:1)
  2 salamander tyrants (Snake:4)
  A two-headed ogre (Orc:2)
  10 centaur warriors
  4 death yaks
  A catoblepas (D:14)
  6 naga sharpshooters
  An orc high priest (Orc:2)
  3 shock serpents
  Nergalle (Lair:2)
  2 salamander mystics
  7 skeletal warriors
  A tengu zombie (D:15)
  20 deep trolls
  6 mana vipers
  3 orc knights
  2 ironbound convokers (Vaults:1)
  A wizard (Vaults:2)
  7 naga ritualists
  A phantasmal warrior (D:15)
  A necromancer (D:15)
  2 wolf spiders (Lair:2)
  10 ugly things
  An orc sorcerer (Orc:2)
  A shadow dragon skeleton (D:15)
  A cyclops (D:13)
  A manticore (D:11)
  7 vault sentinels (Vaults:1)
  26 elephants
  5 salamanders
  36 black mambas
  9 naga magi
  5 guardian serpents
  2 gargoyles
  A torpor snail (Lair:3)
  8 cane toads
  2 rime drakes
  8 komodo dragons
  10 yaktaurs
  A komodo dragon (shapeshifter) (D:14)
  A guardian mummy (D:15)
  A tengu conjurer (D:14)
  3 efreet
  2 trolls
  4 polar bears
  20 slime creatures
  20 blink frogs
  5 dream sheep
  A shadow (D:12)
  5 spriggans
  A water elemental (D:12)
  A centaur simulacrum (D:15)
  26 yaks
  4 wraiths (D:15)
  2 wyverns (Lair:3)
  2 fire elementals (Snake:2)
  4 hogs (D:14)
  3 basilisks
  A steam dragon (Lair:5)
  4 wargs
  17 nagas
  10 water moccasins
  2 hell hounds (Snake:2)
  3 orc warriors
  2 boggarts (Vaults:1)
  An ogre (Orc:2)
  37 wolves
  8 centaurs
  4 bullfrogs (Lair:3)
  An electric eel (Lair:1)
  A howler monkey (D:10)
  A lava snake (Lair:1)
  3 orc priests
  3 orc wizards
  4 gnolls
  2 adders (D:12)
  4 orcs
  6 kobolds (D:8)
  A butterfly (Lair:2)
501 creatures vanquished.

Vanquished Creatures (others)
  3 orc warlords
  An orc knight (Snake:4)
  An orc sorcerer (Orc:2)
  8 orc warriors
  A hog (D:14)
  4 orc wizards
  2 orc priests (Orc:2)
  25 orcs
  A ball python (D:2)
  2 frilled lizards (D:2)
  118 fungi
  127 plants
  5 withered plants (D:15)
298 creatures vanquished.

Grand Total: 1373 creatures vanquished

Notes
Turn   | Place    | Note
-------+----------+-------------------------------------------
     0 | D:1      | AarnesTheHuman the Hill Orc Fighter began the quest for the
                  | Orb.
     0 | D:1      | Reached XP level 1. HP: 19/19 MP: 1/1
   314 | D:1      | Found a faded altar of an unknown god.
   320 | D:1      | Reached XP level 2. HP: 23/27 MP: 2/2
   843 | D:1      | Reached skill level 4 in Fighting
   843 | D:1      | Reached XP level 3. HP: 33/33 MP: 3/3
  1146 | D:2      | Became a worshipper of Beogh the Brigand
  1560 | D:2      | Reached XP level 4. HP: 40/40 MP: 4/4
  1627 | D:2      | Reached skill level 1 in Invocations
  2242 | D:3      | Found a sacrificial altar of Ru.
  2244 | D:3      | Found a bloodstained altar of Trog.
  2299 | D:3      | HP: 1/41 [white imp (4)]
  2733 | D:3      | Reached * piety under Beogh
  2820 | D:3      | Found an ancient bone altar of Kikubaaqudgha.
  2832 | D:3      | Reached XP level 5. HP: 43/47 MP: 6/6
  2871 | D:3      | Found a hide-covered altar of Uskayaw.
  3658 | D:4      | Reached skill level 5 in Fighting
  3658 | D:4      | Reached XP level 6. HP: 56/56 MP: 8/8
  3677 | D:4      | Found a staircase to the Ecumenical Temple.
  3690 | D:4      | Reached skill level 5 in Axes
  3718 | D:3      | HP: 2/56 [gnoll shaman/+0 whip (4)]
  4111 | D:4      | Found Zuebuf's Antique Armour Shop.
  4599 | D:4      | Reached ** piety under Beogh
  4960 | D:5      | Entered Level 5 of the Dungeon
  4960 | D:5      | Noticed Edmund
  5180 | D:4      | Found a staircase to the Ecumenical Temple.
  5262 | D:4      | Killed Edmund
  5263 | D:4      | Reached XP level 7. HP: 15/61 MP: 10/10
  5490 | D:4      | Found Zuebuf's Antique Armour Shop.
  6297 | D:5      | Found a runed translucent gate.
  6297 | D:5      | Found a runed translucent gate.
  6297 | D:5      | Found a runed translucent gate.
  6299 | D:5      | Noticed a two-headed ogre
  6301 | D:5      | Noticed Sensen's ghost (novice DEWz)
  6824 | D:4      | Reached skill level 5 in Invocations
  7008 | D:5      | Reached skill level 6 in Fighting
  7008 | D:5      | Reached XP level 8. HP: 65/70 MP: 10/12
  7958 | D:6      | Reached skill level 7 in Fighting
  8226 | D:6      | Reached *** piety under Beogh
  8461 | D:6      | Noticed Pikel
  8475 | D:6      | Killed Pikel
  8476 | D:6      | Reached skill level 8 in Fighting
  8476 | D:6      | Reached XP level 9. HP: 49/81 MP: 12/14
  8617 | D:6      | Noticed Menkaure
  8819 | D:5      | Reached skill level 5 in Shields
  9249 | D:6      | Killed Menkaure
  9250 | D:6      | Reached skill level 10 in Axes
  9435 | D:6      | Noticed Dowan
  9435 | D:6      | Noticed Duvessa
  9951 | D:6      | Killed Dowan
 10479 | D:6      | Killed Duvessa
 11222 | D:7      | Noticed a troll
 11232 | D:6      | Killed a troll
 11571 | D:7      | Reached XP level 10. HP: 84/90 MP: 16/16
 11580 | D:7      | Reached skill level 5 in Armour
 12069 | D:7      | Reached skill level 9 in Fighting
 12343 | D:7      | Found Ofupedu's Antique Armour Emporium.
 12389 | D:7      | Noticed a moth of wrath
 12394 | D:7      | Found a transporter.
 12399 | D:7      | Found a transporter.
 12400 | D:7      | Found a bloodstained altar of Trog.
 12431 | D:7      | Noticed kalagan's ghost (novice DECj)
 12484 | D:7      | Found a glowing silver altar of Zin.
 12867 | D:8      | Reached **** piety under Beogh
 13080 | D:8      | Gained Norbak as an ally
 13778 | D:9      | Noticed Grum
 13787 | D:9      | Reached skill level 10 in Fighting
 14084 | D:9      | Found a runed translucent door.
 14090 | D:9      | Noticed hitsuchi's ghost (novice TeBe)
 14090 | D:9      | Noticed a gargoyle
 14136 | D:8      | Killed Grum
 14759 | D:8      | Killed a gargoyle
 15060 | D:9      | Gained Wargath as an ally
 15352 | D:9      | Reached XP level 11. HP: 97/101 MP: 17/17
 15866 | D:10     | Entered Level 10 of the Dungeon
 16080 | D:10     | Found a basalt altar of Yredelemnul.
 16275 | D:10     | Noticed a two-headed ogre
 16281 | D:10     | Killed a two-headed ogre
 16342 | D:10     | Reached skill level 11 in Fighting
 16794 | D:10     | Reached ***** piety under Beogh
 16963 | D:10     | Found a staircase to the Lair.
 16964 | D:10     | Noticed Erica
 16975 | D:10     | Killed Erica
 16976 | D:10     | Reached skill level 10 in Invocations
 17166 | D:10     | Found a shimmering altar of Xom.
 17656 | D:11     | Found a staircase to the Orcish Mines.
 18033 | Lair:1   | Entered Level 1 of the Lair of Beasts
 18038 | Lair:1   | Noticed a seven-headed hydra
 18078 | D:10     | Killed a nine-headed hydra
 18254 | Lair:1   | Reached skill level 12 in Fighting
 18472 | Lair:1   | Reached skill level 1 in Dodging
 19222 | Lair:1   | Reached XP level 12. HP: 112/112 MP: 19/19
 20480 | Lair:2   | Reached skill level 10 in Armour
 20943 | Lair:2   | Noticed Nergalle
 20951 | Lair:2   | Killed Nergalle
 22250 | Lair:3   | Gained Boghold as an ally
 22796 | Lair:3   | Found a runed translucent door.
 22798 | Lair:3   | Noticed Kanaesup's ghost (journeyman TeMo)
 23022 | Lair:3   | Identified the +4 plate armour "Jiankeso" {rPois}
 23169 | Lair:4   | Noticed a seven-headed hydra
 23175 | Lair:3   | Reached XP level 13. HP: 75/119 MP: 23/23
 23444 | Lair:4   | Found a staircase to the Snake Pit.
 23509 | Lair:4   | Reached ****** piety under Beogh
 23692 | Lair:4   | Reached skill level 13 in Fighting
 23731 | Lair:4   | Found a staircase to the Shoals.
 24113 | Lair:4   | Noticed a dire elephant
 24121 | Lair:4   | Killed a dire elephant
 24738 | Lair:5   | Reached skill level 15 in Axes
 24807 | Lair:5   | Found a staircase to the Slime Pits.
 24832 | Lair:5   | Gained Wargath as an ally
 24833 | Lair:5   | Reached skill level 14 in Fighting
 24837 | Lair:5   | Reached skill level 10 in Shields
 25806 | Lair:6   | Entered Level 6 of the Lair of Beasts
 25898 | Lair:5   | Reached XP level 14. HP: 133/133 MP: 24/24
 26070 | Lair:6   | Reached skill level 15 in Invocations
 26095 | Lair:6   | Reached skill level 15 in Fighting
 26650 | Lair:6   | Gained Horkud as an ally
 27298 | Lair:6   | Identified the +1 scale mail "Iqefy" {rN+ Slay+3}
 27316 | Lair:6   | Got the Reference Book on Lightness
 27786 | Lair:6   | Identified the +5 falchion "Qacoyg" {vorpal, Fragile rPois
                  | Will+}
 28213 | D:11     | Found the amulet of Vitality {Regen+ HP+15}
 28701 | D:11     | Noticed Snorg
 28712 | D:11     | Killed Snorg
 29008 | D:11     | Identified a scroll of acquirement
 29210 | D:12     | Noticed Nessos
 29736 | D:12     | Reached skill level 16 in Fighting
 29993 | D:12     | Killed Nessos
 30539 | D:4      | Bought a shiny helmet for 180 gold pieces
 30683 | Orc:1    | Entered Level 1 of the Orcish Mines
 30799 | Orc:1    | Noticed Harold
 30808 | Orc:1    | Killed Harold
 31189 | Orc:2    | Entered Level 2 of the Orcish Mines
 31413 | Orc:2    | Found a roughly hewn altar of Beogh.
 31414 | Orc:2    | Found Koorepial's General Store.
 31429 | Orc:2    | Reached XP level 15. HP: 128/144 MP: 27/27
 31536 | Orc:2    | Found a staircase to the Elven Halls.
 31758 | Orc:2    | Found a shimmering blue altar of Sif Muna.
 32039 | Orc:2    | Noticed an orc warlord
 32046 | Orc:2    | Found a roughly hewn altar of Beogh.
 32046 | Orc:2    | Found Wuffewuf's Antique Weapon Boutique.
 32051 | Orc:2    | Killed an orc warlord
 32056 | Orc:2    | Found Dini's Antique Armour Shop.
 32060 | Orc:2    | Reached skill level 5 in Dodging
 32438 | Orc:2    | Found a roughly hewn altar of Beogh.
 32484 | Orc:2    | Found a roughly hewn altar of Beogh.
 32486 | Orc:2    | Found Uvaycur's Antique Weapon Shoppe.
 32592 | Orc:2    | Found a roughly hewn altar of Beogh.
 32691 | Orc:2    | Bought a crude hand axe for 216 gold pieces
 32691 | Orc:2    | Identified the +4 hand axe "Transmigrator" {pain, Str+2
                  | Dex+5} (You bought it in a shop on level 2 of the Orcish
                  | Mines)
 32699 | Orc:2    | Acquired a manual of Fighting
 33629 | D:14     | Noticed Jorgrun
 33634 | D:14     | Killed Jorgrun
 33750 | D:14     | Noticed Kirke
 33758 | D:14     | Killed Kirke
 33832 | D:14     | Noticed Rupert
 33834 | D:14     | Noticed Roxanne
 33842 | D:14     | Paralysed by Rupert for 5 turns
 33842 | D:14     | Killed Rupert
 33952 | D:14     | Reached skill level 17 in Fighting
 34027 | D:14     | Found a gate to the Vaults.
 34382 | D:15     | Entered Level 15 of the Dungeon
 34428 | D:15     | Found a staircase to the Depths.
 34437 | D:15     | Gained Worak as an ally
 34696 | D:15     | Noticed Josephine
 34705 | D:15     | Killed Josephine
 34706 | D:15     | Reached skill level 18 in Fighting
 35461 | Snake:1  | Entered Level 1 of the Snake Pit
 35905 | Snake:1  | Found a sacrificial altar of Ru.
 35920 | Snake:1  | Found Suappana's Assorted Antiques.
 36236 | Snake:1  | Reached skill level 19 in Fighting
 36350 | Snake:1  | Reached XP level 16. HP: 151/159 MP: 28/28
 36529 | Snake:1  | Found a sparkling altar of Nemelex Xobeh.
 36532 | Snake:1  | Gained Norbak as an ally
 37004 | Snake:1  | Reached skill level 20 in Fighting
 37470 | Snake:2  | Noticed Azrael
 37484 | Snake:2  | Gained Warrok as an ally
 37484 | Snake:2  | Killed Azrael
 37702 | Snake:2  | Identified the +3 leather armour of Asceticism {rElec
                  | Str+3}
 37958 | Snake:3  | Found Wonatwo's Antique Armour Emporium.
 38252 | Snake:3  | Reached skill level 21 in Fighting
 38427 | Snake:3  | Noticed a nagaraja
 38436 | Snake:3  | Killed a nagaraja
 38475 | Snake:3  | Identified the +11 flail "Xecipa" {venom, Stlth+}
 38760 | Snake:3  | Noticed Aizul
 38765 | Snake:3  | Killed Aizul
 38809 | Snake:4  | Entered Level 4 of the Snake Pit
 38824 | Snake:4  | Found a flickering gateway to a bazaar.
 38838 | Bazaar   | Entered a bazaar
 38838 | Bazaar   | Found Sitsina's Book Emporium.
 38838 | Bazaar   | Found Xileuw's Magic Scroll Shop.
 38838 | Bazaar   | Found Kimo Qou's Magic Scroll Shoppe.
 38838 | Bazaar   | Found Cuschoogi's Armour Shop.
 38869 | Bazaar   | Found Vyav's Antique Weapon Boutique.
 38903 | Bazaar   | Bought a scroll of enchant armour for 142 gold pieces
 38903 | Bazaar   | Bought a scroll of enchant armour for 142 gold pieces
 38903 | Bazaar   | Bought a scroll of enchant armour for 142 gold pieces
 38911 | Bazaar   | Bought a scroll of silence for 82 gold pieces
 39168 | Snake:4  | Noticed a nagaraja
 39169 | Snake:4  | Killed a nagaraja
 39415 | Snake:4  | Noticed a nagaraja
 39422 | Snake:4  | Killed a nagaraja
 39547 | Snake:4  | Noticed a nagaraja
 39553 | Snake:4  | Killed a nagaraja
 39595 | Snake:4  | Reached XP level 17. HP: 128/173 MP: 30/30
 39610 | Snake:4  | Your ally Norbak died
 39613 | Snake:4  | Your ally Norbak died
 39616 | Snake:4  | Your ally Horkud died
 39786 | Snake:4  | Got a serpentine rune of Zot
 40128 | Vaults:1 | Entered Level 1 of the Vaults
 40889 | Vaults:1 | Your ally Warrok died
 41117 | Vaults:1 | Reached skill level 22 in Fighting
 41467 | Vaults:1 | Acquired a manual of Armour
 41844 | Vaults:1 | Gained Bogdan as an ally
 42082 | Vaults:1 | Found Axayry's Armour Shoppe.
 42393 | Vaults:2 | Found Qig Izim's Weapon Boutique.
 42527 | Vaults:2 | Reached XP level 18. HP: 184/184 MP: 32/32
 42910 | Vaults:2 | Reached skill level 15 in Armour
 43158 | Vaults:2 | Killed from afar by an ironbound thunderhulk

Illustrated notes

Levels and vault maps discovered:
D:1:      dpeg_arrival_short_road, layout_basic,
          nicolae_ecumenical_snake_handling, minmay_tromino_v4_b
D:2:      minmay_skewed_foursquare, layout_basic, minmay_increasing_density
D:3:      layout_loops_corners, grunt_temple_overflow_open,
          mainiacjoe_overflow_large_starburst
D:4:      layout_cave_pods, minmay_temple_entry_glassed_door, serial_shops,
          kennysheep_mini, amcnicky_mini_rare_corridor_liquid
D:5:      layout_loops_ring, gammafunk_ghost_split, uniq_edmund
D:6:      layout_basic, uniq_duvessa, uniq_crazy_yiuf_cottage, uniq_menkaure,
          uniq_pikel
D:7:      layout_rooms, zin_treasury, serial_shops, nicolae_lakefront_shop,
          gammafunk_ghost_wrathful_warriors
D:8:      layout_basic
D:9:      layout_roguey, hellmonk_ghost_happy_afterlife, uniq_grum
D:10:     layout_basic, mainiacjoe_overflow_concentric_impassable,
          mainiacjoe_overflow_six_doors_small, erik_lair_orcish_takeover,
          uniq_erica
D:11:     layout_stronghold, david_orc_3, minmay_diamond_spiral, uniq_snorg
D:12:     lemuel_reptile_caves, layout_basic, uniq_nessos
D:13:     layout_roguey
D:14:     layout_gridville, skrybe_vaults_entry_preservation, uniq_jorgrun,
          uniq_rupert, uniq_kirke, uniq_roxanne
D:15:     gammafunk_depths_entry_grave, layout_loops_cross, dk_noncrumbling_3,
          uniq_josephine
Lair:1:   layout_gridlike, serial_bayou, serial_bayou_pond_c,
          serial_bayou_pond_d, serial_bayou_lagoon_a, serial_bayou_ford_a,
          lemuel_fruit_tree
Lair:2:   layout_long_grid, nicolae_lair_run_with_the_wolves,
          infiniplex_staircase_pool, lemuel_fruit_fields, uniq_nergalle
Lair:3:   layout_layer_cave, ebering_ghost_reflecting_pool, grunt_megastairs_1,
          infiniplex_staircase_pool_2
Lair:4:   mu_elephants_graveyard, layout_long_grid, shoals_dummy_entry, pond
Lair:5:   layout_layer_cave, minmay_slime_entry_pillars, st_stairs_4,
          cheibrodos_lair_lostbears
Lair:6:   minmay_lair_end_enchanted_forest, layout_misc_corridors,
          grunt_forest_large_clearings
Snake:1:  layout_rooms, serial_shops, shop, nicolae_snake_gridmaze_squiggle,
          hangedman_feature_mirror, nicolae_snake_double_loop
Snake:2:  layout_gridlike, uniq_azrael
Snake:3:  layout_cave_town, serial_shops, shop, uniq_aizul
Snake:4:  grunt_snake_rune_serpentine_throne, layout_rooms, serial_shops,
          bzr_entry_islet
Orc:1:    layout_caves, mines2_lemuel, uniq_harold
Orc:2:    grunt_orc_community_town_hall, layout_caves,
          grunt_orc_community_big_house_1, grunt_orc_community_big_house_1,
          grunt_orc_community_house_2, grunt_orc_community_house_3,
          grunt_orc_community_house_3, grunt_orc_community_house_1,
          kennysheep_orc_sif_temple
Vaults:1: v_misc_32, hangedman_vaults_stretched_pinwheel,
          nicolae_vaults_ring_of_whatevers, v_alt_pattern_6,
          hangedman_vaults_corner_blocks, v_misc_23,
          nicolae_vaults_network_square, dpeg_vaults_monster_box,
          hangedman_vaults_variations, nicolae_vaults_network_s,
          nicolae_vaults_little_squares_4, nicolae_vaults_theta,
          layout_vaults_omnigrid, serial_shops, shop_statue
Vaults:2: nicolae_vaults_halls_meeting, ontoclasm_vaults_spin,
          grunt_vaults_funnel, v_misc_27, v_misc_2, vaults_room_boxed,
          ontoclasm_vaults_claustrophobia, ontoclasm_vaults_decontamination,
          dpeg_vaults_monster_row, vaults_room_stairs_pillars,
          vaults_mumra_chevron_long, vaults_room_large_hall,
          ontoclasm_vaults_gateway, layout_vaults_big_cross, serial_shops,
          nicolae_shop_stone

Skill      XL: |  1  2  3  4  5  6  7  8  9 10 11 12 13 14 15 16 17 18 |
---------------+-------------------------------------------------------+-----
Axes           | 3 4 7 9 11 13 15 18 | 18.0
Fighting       | 4 5 6 8 10 12 14 16 19 21 22 | 22.0
Invocations    | 1 3 4 5 6 8 9 10 13 14 16 17 19 20 21 | 21.0
Armour         | 4 7 9 11 12 14 15 | 15.6
Shields        | 4 7 10 11 12 13 | 13.0
Dodging        | 2 3 4 7 |  7.0
Evocations     | |  0.8

Action                   |  1- 3 |  4- 6 |  7- 9 | 10-12 | 13-15 | 16-18 || total
-------------------------+-------+-------+-------+-------+-------+-------++-------
Melee: War axe           |    87 |   207 |   208 |   433 |   894 |    90 ||  1919
       Broad axe         |       |       |       |       |       |   548 ||   548
Throw: Dart              |       |     1 |     2 |     4 |       |       ||     7
       Boomerang         |       |       |     4 |    13 |       |       ||    17
Invok: Convert to Beogh  |     1 |       |       |       |       |       ||     1
       Give Item to Name |       |       |       |     2 |     1 |     2 ||     5
       Smiting           |       |       |       |       |    10 |     3 ||    13
       Recall Orcish Fol |       |       |       |       |     6 |     2 ||     8
       Stop Recall       |       |       |       |       |     2 |     2 ||     4
       Resurrection      |       |       |       |       |     1 |     1 ||     2
Evoke: Wand              |       |     1 |       |     2 |     3 |       ||     6
       Phantom mirror    |       |       |       |       |     1 |       ||     1
  Use: Scroll            |     8 |     5 |     7 |     5 |     7 |     6 ||    38
       Potion            |       |     3 |       |     1 |       |       ||     4
 Stab: Distracted        |       |       |       |     1 |     4 |    10 ||    15
Armor: Scale mail        |    38 |    64 |       |       |       |       ||   102
       Chain mail        |       |    19 |    76 |   206 |       |       ||   301
       Plate armour      |       |       |       |     8 |   653 |   400 ||  1061
Dodge: Dodged            |    42 |    93 |    67 |   181 |   380 |   198 ||   961
Block: Buckler           |    24 |    46 |    50 |   130 |   345 |    85 ||   680
       Kite shield       |       |       |       |       |       |    42 ||    42
       Tower shield      |       |       |       |       |       |   319 ||   319
